 Dungeon Crawl Stone Soup version 0.21-a0-404-g291f19a (webtiles) character file.

182 KristoblXynda the Sneak (level 5, 0/31 HPs)
             Began as an Octopode Conjurer on Oct 28, 2017.
             Slain by a white imp (4 damage)
             ... summoned by Natasha
             ... on level 3 of the Dungeon.
             The game lasted 00:07:20 (2719 turns).

KristoblXynda the Sneak (Octopode Conjurer)         Turns: 2719, Time: 00:07:21

Health: 0/31       AC:  1    Str:  8    XL:     5   Next: 61%
Magic:  6/10       EV: 14    Int: 17    God:
Gold:   94         SH:  0    Dex: 16    Spells: 6/10 levels left

rFire    . . .     SeeInvis .   g - +0 dagger
rCold    . . .     Gourm    .   (no shield)
rNeg     . . .     Faith    .   (helmet restricted)
rPois    .         Spirit   .   (no amulet)
rElec    .         Reflect  .   l - +3 ring of dexterity
rCorr    .         Harm     .   (no ring)
MR       .....                  (no ring)
Stlth    ++++......             (no ring)
HPRegen  0.10/turn              (no ring)
MPRegen  0.12/turn              (no ring)
                                (no ring)
                                (no ring)

@: very slightly contaminated
A: almost no armour, stealthy swim, amphibious, 8 rings, constrict 8, camouflage
1, gelatinous body 1
a: no special abilities


You were on level 3 of the Dungeon.
You were hungry.

You visited 1 branch of the dungeon, and saw 3 of its levels.

You collected 94 gold pieces.

Inventory:

Hand Weapons
 g - a +0 dagger (weapon)
Jewellery
 l - a +3 ring of dexterity (left tentacle)
Scrolls
 c - a scroll of recharging {unknown}
 e - a scroll of immolation {unknown}
 f - a scroll of blinking {unknown}
 i - a scroll of fear {unknown}
Potions
 h - a potion of mutation
Books
 a - a book of Conjurations

   Spells                             Type                      Level
   a - Magic Dart                     Conjuration                  1
   b - Searing Ray                    Conjuration                  2
   c - Dazzling Spray                 Conjuration/Hexes            3
   d - Fulminant Prism                Conjuration/Hexes            4
   e - Force Lance                    Conjuration/Translocation    4
   f - Iskenderun's Mystic Blast      Conjuration                  4
Comestibles
 b - a bread ration


   Skills:
 - Level 2.0 Dodging
 + Level 5.1 Stealth
 + Level 3.3 Spellcasting
 + Level 5.0 Conjurations


You had 6 spell levels left.
You knew the following spells:

 Your Spells              Type           Power        Failure   Level  Hunger
a - Magic Dart            Conj           ###.         1%          1    None
b - Dazzling Spray        Conj/Hex       ##....       19%         3    ###....


Dungeon Overview and Level Annotations

Branches:
Dungeon (3/15)

Altars:
Gozag
Nemelex Xobeh
Ru
Trog

Annotations:
D:3 Natasha


Innate Abilities, Weirdness & Mutations

You cannot wear most types of armour.
You are very stealthy in the water. (Stealth+)
You are amphibious.
You can wear up to eight rings at the same time.
You can use your tentacles to constrict eight enemies at once.
Your skin changes colour to match your surroundings (Stealth+).
Your rubbery body absorbs attacks. (AC +1, EV +1)


Message History

The puff of frost hits you!
You hit the white imp but do no damage.
The white imp is lightly wounded.
You constrict the white imp, but do no damage.
The crimson imp hits you. The white imp closely misses you.
You barely miss the white imp.
You squeeze the white imp, but do no damage.
The white imp is lightly wounded.
You constrict the white imp.
The crimson imp disappears in a puff of smoke!
The white imp gestures at you. The puff of frost hits you!
* * * LOW HITPOINT WARNING * * *
As you read the scroll labeled ROCOXE UROUVE, it crumbles to dust.
You feel aware of your surroundings.
You sensed 5 altars.
It was a scroll of magic mapping.
You constrict the white imp. The white imp hits you.
* * * LOW HITPOINT WARNING * * *
The white imp freezes you.
You die...

#....... #.).....
###..[....
#####s.5......
#>s.gh......$.
#.###†###.##+# ##.###5#
#..h,, #########h.....#
#.5h.. #....§@5s5.#####
#....g #.#######g.#
#..... #.# #..# #.....
#.# #..# #.##+# #.# #..#
*,**** #.#
#..#******,**_* #.#
#...,,,,,,,**,*
##.#######...,,,,,,**,,,
#........#,**,,,,,,*,,*,


You could see Natasha, a white imp, a shadow imp, a giant cockroach and a
goblin.

Vanquished Creatures
  An ogre (D:2)
  A gnoll (D:1)
  2 adders
  2 worms (D:2)
  3 leopard geckos
  2 giant cockroaches
  6 goblins
  10 hobgoblins
  9 jackals
  2 ball pythons
  7 bats
  A frilled lizard (D:2)
  7 kobolds
  2 rats
55 creatures vanquished.

Notes
Turn   | Place    | Note
-------+----------+-------------------------------------------
     0 | D:1      | KristoblXynda the Octopode Conjurer began the quest for the Orb.
     0 | D:1      | Reached XP level 1. HP: 11/11 MP: 3/3
    55 | D:1      | Reached XP level 2. HP: 5/17 MP: 0/5
   997 | D:1      | Reached XP level 3. HP: 16/21 MP: 3/6
  1243 | D:1      | Learned a level 3 spell: Dazzling Spray
  1598 | D:2      | Noticed an ogre
  1732 | D:2      | Killed an ogre
  1732 | D:2      | Reached XP level 4. HP: 27/27 MP: 0/8
  1732 | D:2      | Reached XP level 5. HP: 31/31 MP: 0/9
  2185 | D:2      | Found an opulent altar of Gozag.
  2229 | D:2      | Found a sacrificial altar of Ru.
  2255 | D:2      | Found a sparkling altar of Nemelex Xobeh.
  2261 | D:2      | Found a bloodstained altar of Trog.
  2267 | D:2      | Reached skill level 5 in Stealth
  2309 | D:2      | Reached skill level 5 in Conjurations
  2680 | D:3      | Noticed Natasha
  2719 | D:3      | Slain by a white imp

Vault maps used:
D:1:      scummos_arrival_simple_crosswalls, roderic_roman_lattice
D:2:      overflow_temple_1_default, nicolae_ru_sacrificial_ziggurat,
          lemuel_crystal_altar, nemelex_xobeh_ov_fountains_minmay,
          minmay_parallelograms
D:3:      chequers_temple_overflow_minitemple, uniq_natasha

Skill      XL: |  1  2  3  4  5 |
---------------+----------------+-----
Stealth        | 3 4 5 |  5.1
Spellcasting   | 3 |  3.3
Conjurations   | 5 |  5.0
Dodging        | |  2.0

Action                   |  1- 3 |  4- 6 || total
-------------------------+-------+-------++-------
Melee: Unarmed           |    37 |       ||    37
       Constrict         |    16 |    16 ||    32
       Tentacles         |     8 |    15 ||    23
       Dagger            |    21 |    67 ||    88
 Cast: Magic Dart        |    41 |       ||    41
       Dazzling Spray    |     2 |     5 ||     7
  Use: Scroll            |       |     3 ||     3
       Potion            |       |     1 ||     1
 Stab: Sleeping          |     2 |     6 ||     8
  Eat: Chunk             |     3 |     3 ||     6
Armor: Skin              |     6 |    17 ||    23
Dodge: Dodged            |    46 |    59 ||   105

Table legend:
 A = Spawn XP
 B = Non-spawn XP
 C = Spawn XP percentage of total XP
 D = Spawn monster count
 E = Non-spawn monster count
 F = Spawn count percentage of total count
 G = Total turns spent on level
                    A         B        C        D         E        F      G
               +---------+---------+-------+---------+---------+-------+---------
         Total |       0 |     260 |   0.0 |       0 |      55 |   0.0 |  2719
               +---------+---------+-------+---------+---------+-------+---------
           D:1 |       0 |      64 |   0.0 |       0 |      29 |   0.0 |  1692
           D:2 |       0 |     170 |   0.0 |       0 |      18 |   0.0 |   766
           D:3 |       0 |      26 |   0.0 |       0 |       8 |   0.0 |   261
               +---------+---------+-------+---------+---------+-------+---------
